 Dungeon Crawl Stone Soup version 0.13-a0-2682-gb26bf1a (webtiles) character file.

175 M4edhros the Grasshopper (level 4, -8/27 HPs)
             Began as an Octopode Wanderer on Aug 13, 2013.
             Mangled by an ogre
             ... wielding a +0,+0 giant club
              (28 damage)
             ... on Level 4 of the Dungeon.
             The game lasted 00:02:50 (3202 turns).

M4edhros the Grasshopper (Octopode Wanderer)        Turns: 3202, Time: 00:02:50

HP  -8/27        AC  1     Str 10      XL: 4   Next: 71%
MP  10/10        EV 11     Int 15      God:
Gold 77          SH  0     Dex 12      Spells:  2 memorised,  9 levels left

Res.Fire  : . . .   See Invis. : .   d - +0 elf short sword
Res.Cold  : . . .   Warding    : .   (no shield)
Life Prot.: . . .   Conserve   : .   (helmet restricted)
Res.Poison: .       Res.Corr.  : .   (no amulet)
Res.Elec. : .       Clarity    : .   (no ring)
Sust.Abil.: . .     Spirit.Shd : .   (no ring)
Res.Mut.  : .       Stasis     : .   (no ring)
Res.Rott. : .       Flight     : .   (no ring)
Saprovore : . . .                    (no ring)
                                     (no ring)
                                     (no ring)
                                     (no ring)

@: invisible, slightly resistant to hostile enchantments, fairly stealthy
A: almost no armour, amphibious, 8 rings, constrict 8, camouflage 1, AC +1
a: no special abilities


You were on level 4 of the Dungeon.
You were not hungry.

You visited 1 branch of the dungeon, and saw 4 of its levels.

You collected 27 gold pieces.

Inventory:

Hand weapons
 c - a +0 blowgun
 d - a +0,+0 elven short sword (weapon)
Missiles
 b - 11 poisoned needles
 q - 19 sling bullets
Magical devices
 p - a wand of polymorph (0)
Comestibles
 f - 2 bread rations
 i - a snozzcumber
 j - 2 apples
Scrolls
 e - 4 scrolls of amnesia {unknown}
 h - a scroll of fog {unknown}
 k - a scroll of recharging {unknown}
 l - a scroll of curse armour {unknown}
 m - a scroll of magic mapping {unknown}
 o - 2 scrolls of identify {unknown}
 s - a scroll of blinking {unknown}
Jewellery
 g - an uncursed amulet of guardian spirit {unknown}
Potions
 r - a potion of paralysis {unknown}
 t - a potion of speed {unknown}
Books
 a - a book of Conjurations

   Spells                             Type                      Level
   *Magic Dart                        Conjuration                  1
   Searing Ray                        Conjuration                  2
   Dazzling Spray                     Conjuration/Hexes            3
   Iskenderun's Mystic Blast          Conjuration                  4
   Iskenderun's Battlesphere          Conjuration/Charms           4
   Fulminant Prism                    Conjuration/Hexes            5


   Skills:
 - Level 2.0 Throwing
 + Level 4.1 Spellcasting
 - Level 2.0 Conjurations
 + Level 4.2 Translocations


You had 9 spell levels left.
You knew the following spells:

 Your Spells              Type           Power        Failure   Level  Hunger
a - Apportation           Tloc           ###.......   3%          1    None
b - Magic Dart            Conj           #...         10%         1    None


Dungeon Overview and Level Annotations

Branches:
Dungeon (4/27)
 Temple: D:4-7

Altars:
Yredelemnul


Innate Abilities, Weirdness & Mutations

You cannot wear most types of armour.
You are amphibious.
You can wear up to eight rings at the same time.
You can use your tentacles to constrict many enemies at once.
Your skin changes colour to match your surroundings (Stlth).
Your rubbery body absorbs attacks (AC +1).


Message History

There are monsters nearby!
You barely miss the ogre. You squeeze the ogre.
The ogre is lightly wounded.
The ogre closely misses you.
There are monsters nearby!
You barely miss the ogre. Your squeeze misses the ogre.
The ogre is lightly wounded.
The ogre barely misses you.
There are monsters nearby!
You hit the ogre. Your squeeze misses the ogre.
The ogre is moderately wounded.
There are monsters nearby!
Drink which item? (? for menu, Esc to quit)
You fade into invisibility!
The ogre closely misses you.
You closely miss the ogre.
The ogre is moderately wounded.
The ogre hits you with a giant club!
Ouch! That really hurt!
You die...

#.##############
#.##.............
######.##.............#
........%...............
######..%...............
####.............#
#.............#
########.####.# #@# #O#
#O### #...# #.....(._..
#?..#..... ....# ....
##.... ... #.#... .


You could see 2 ogres.

Vanquished Creatures
  Ijyb (D:3)
  2 adders
  3 worms
  2 giant geckos
  An ooze (D:2)
  3 bats
  4 hobgoblins
  2 giant cockroaches
  3 giant newts
  7 goblins
  4 jackals
  8 kobolds
  3 rats
43 creatures vanquished.

Notes
Turn   | Place    | Note
--------------------------------------------------------------
     0 | D:1      | M4edhros, the Octopode Wanderer, began the quest for the Orb.
     0 | D:1      | Reached XP level 1. HP: 12/12 MP: 3/3
     2 | D:1      | Learned a level 1 spell: Magic Dart
   381 | D:1      | Reached XP level 2. HP: 16/18 MP: 5/5
  1379 | D:2      | Reached XP level 3. HP: 6/22 MP: 7/7
  1925 | D:3      | Noticed Ijyb
  1949 | D:3      | Killed Ijyb
  1949 | D:3      | Reached skill level 4 in Translocations
  1949 | D:3      | Reached XP level 4. HP: 4/27 MP: 9/9
  2289 | D:3      | HP: 1/27 [hobgoblin (4)]
  3193 | D:4      | Noticed an ogre
  3194 | D:4      | Found a basalt altar of Yredelemnul.
  3194 | D:4      | Noticed an ogre
  3202 | D:4      | Mangled by an ogre

Action                   |  1- 3 |  4- 6 || total
-------------------------+-------+-------++-------
Melee: Unarmed           |    24 |       ||    24
       Short sword       |    62 |    46 ||   108
 Fire: Blowgun           |     8 |       ||     8
  Use: Potion            |     3 |     1 ||     4
 Stab: Sleeping          |     2 |     1 ||     3
